 Dungeon Crawl Stone Soup version 0.24-a0-250-g6074511 (webtiles) character file.

Game seed: 8449125764235142118

1588 Borgoz the Slicer (level 9, -9/55 HPs)
             Began as a Kobold Gladiator on Apr 15, 2019.
             Mangled by an orc warrior
             ... wielding a +0 dire flail
              (11 damage)
             ... on level 6 of the Dungeon.
             The game lasted 00:13:12 (6073 turns).

Borgoz the Slicer (Kobold Gladiator)                Turns: 6073, Time: 00:13:13

Health: -9/55      AC:  4    Str: 13    XL:     9   Next: 15%
Magic:  9/9        EV: 20    Int:  9    God:
Gold:   282        SH:  0    Dex: 18    Spells: 8/8 levels left

rFire    . . .     SeeInvis +   a - +0 rapier
rCold    . . .     Gourm    .   (shield restricted)
rNeg     + . .     Faith    .   b - +0 leather armour
rPois    .         Spirit   .   c - +0 helmet
rElec    .         Reflect  .   (no cloak)
rCorr    .         Harm     .   (no gloves)
MR       .....                  (no boots)
Stlth    +.........             p - amulet of the acrobat
HPRegen  0.18/turn              j - ring of see invisible
MPRegen  0.11/turn              u - ring of positive energy

@: very slightly contaminated, invisible
A: small, carnivore
a: no special abilities


You were on level 6 of the Dungeon.
You were completely stuffed.

You visited 1 branch of the dungeon, and saw 6 of its levels.

You collected 282 gold pieces.

Inventory:

Hand Weapons
 a - a +0 rapier (weapon)
Armour
 b - a +0 leather armour (worn)
 c - a +0 helmet (worn)
Jewellery
 j - a ring of see invisible (left hand)
 p - an amulet of the acrobat (around neck)
 s - an uncursed ring of protection from cold
 u - a ring of positive energy (right hand)
Wands
 d - a wand of flame (18)
Scrolls
 g - 10 scrolls of identify {unknown}
 h - a scroll of noise {unknown}
 i - 4 scrolls of teleportation {unknown}
 k - a scroll of torment {unknown}
 n - a scroll of random uselessness {unknown}
 o - 2 scrolls of remove curse {unknown}
 t - a scroll of immolation {unknown}
 w - 2 scrolls of blinking {unknown}
 x - a scroll of fog {unknown}
 y - a scroll of amnesia {unknown}
Potions
 e - 2 potions of curing
 l - a potion of might {unknown}
 r - a potion of flight {unknown}
 z - a potion of lignification {unknown}
Comestibles
 f - 12 rations


   Skills:
 + Level 6.3 Fighting
 + Level 8.1 Short Blades
 - Level 2.1 Throwing
 + Level 4.3 Armour
 + Level 7.5 Dodging


You had 8 spell levels left.
You didn't know any spells.
Your spell library was empty.

Dungeon Overview and Level Annotations

Branches:
Dungeon (6/15)
 Temple: D:4-7

Altars:
Dithmenos
Hepliaklqana
Okawaru
Ru
Sif Muna
Wu Jian
Xom


Innate Abilities, Weirdness & Mutations

You are small and have problems with some larger weapons.
You are carnivorous and can eat meat at any time.


Message History

The orc wizard gestures at you while chanting.
You easily resist.
The orc closely misses you. The orc warrior closely misses you.
You barely miss the orc warrior.
The orc warrior is lightly wounded.
The orc wizard misses you. The orc closely misses you.
The orc wizard points at you and mumbles some strange words.
The magic dart hits you.
* * * LOW HITPOINT WARNING * * *
You puncture the orc!
You kill the orc!
The orc wizard completely misses you.
You catch the helpless orc warrior completely off-guard!
You puncture the orc warrior!
The orc warrior is heavily wounded.
The orc wizard points at you and mumbles some strange words.
The magic dart hits you!
* * * LOW HITPOINT WARNING * * *
The orc warrior hits you with a +0 dire flail!
You die...

##............
#...........#. ..
#....(......# . .
#...........# . ..
#..........#.. .#...
####.......#+##.....###.
#....................
#...####.o.## #..... .
#...###§.@.§###...# ..
#...##§§.o.§§##...##...
##..#§§..§§.§§#........
##..§§§§..§§.§......#
........_...§.§o§...#
##§.§§.§.....§........
...#§§§...§:§#........
...##.§§.§§§##...#.>..
.. ##§§...# #...# ...


You could see an orc warrior and an orc wizard.

Vanquished Creatures
  Pikel (D:5)
  The ghost of Hasart the Skirmisher, a novice KoBe of Trog (D:4)
  A centaur (D:5)
  2 ogres (D:4)
  Blork the orc (D:4)
  A crimson imp (D:5)
  An orc wizard (D:5)
  3 orc priests
  A jelly (D:5)
  2 bullfrog skeletons (D:6)
  Natasha (D:4)
  An iguana (D:5)
  11 adders
  An ooze (D:3)
  2 adder skeletons
  A dart slug (D:2)
  7 worms
  2 leopard geckos
  15 orcs
  9 bats
  3 giant cockroaches
  6 goblins
  12 hobgoblins
  10 jackals
  8 kobolds
  2 quokkas
  9 frilled lizards
  9 rats
123 creatures vanquished.

Vanquished Creatures (others)
  A sky beast (D:5)
  2 crimson imps (D:5)
  A quasit (D:5)
  An adder skeleton (D:5)
  3 jackals (D:5)
  A leopard gecko skeleton (D:5)
9 creatures vanquished.

Grand Total: 132 creatures vanquished

Notes
Turn   | Place    | Note
-------+----------+-------------------------------------------
     0 | D:1      | Borgoz the Kobold Gladiator began the quest for the Orb.
     0 | D:1      | Reached XP level 1. HP: 12/12 MP: 1/1
   169 | D:1      | Reached XP level 2. HP: 17/18 MP: 2/2
   652 | D:1      | Reached XP level 3. HP: 21/22 MP: 3/3
  1125 | D:2      | Reached skill level 1 in Armour
  1235 | D:2      | Reached XP level 4. HP: 25/27 MP: 4/4
  1292 | D:2      | Found a faded altar of an unknown god.
  2097 | D:3      | Reached XP level 5. HP: 28/32 MP: 5/5
  2126 | D:3      | Found a sacrificial altar of Ru.
  2182 | D:3      | Reached skill level 5 in Short Blades
  3116 | D:3      | Reached XP level 6. HP: 17/37 MP: 6/6
  3332 | D:3      | Reached skill level 5 in Dodging
  3632 | D:4      | Noticed an ogre
  3649 | D:4      | Killed an ogre
  4117 | D:4      | Noticed Blork the orc
  4119 | D:4      | Noticed an ogre
  4148 | D:4      | Killed an ogre
  4148 | D:4      | Reached skill level 6 in Short Blades
  4148 | D:4      | Reached XP level 7. HP: 15/43 MP: 7/7
  4158 | D:4      | Killed Blork the orc
  4388 | D:4      | Found a runed translucent door.
  4558 | D:4      | Found an ornate altar of the Wu Jian Council.
  4561 | D:4      | Found a shimmering altar of Xom.
  4561 | D:4      | Noticed Natasha
  4576 | D:4      | Killed Natasha
  4586 | D:4      | Found a hazy altar of Hepliaklqana.
  4595 | D:4      | Found a deep blue altar of Sif Muna.
  4825 | D:4      | Noticed Hasart's ghost (novice KoBe)
  4836 | D:4      | Killed Hasart's ghost
  4836 | D:4      | Reached skill level 5 in Fighting
  4836 | D:4      | Reached XP level 8. HP: 43/49 MP: 8/8
  4856 | D:5      | Entered Level 5 of the Dungeon
  4933 | D:5      | Reached skill level 7 in Short Blades
  5269 | D:5      | Noticed Pikel
  5294 | D:5      | Killed Pikel
  5294 | D:5      | Reached skill level 8 in Short Blades
  5294 | D:5      | Reached XP level 9. HP: 13/55 MP: 9/9
  5602 | D:5      | Found an iron altar of Okawaru.
  6031 | D:6      | Found a shadowy altar of Dithmenos.
  6073 | D:6      | HP: 2/55 [orc wizard/magic dart (7)]
  6073 | D:6      | Mangled by an orc warrior

Levels and vault maps discovered:
D:1:      dpeg_arrival_prison, layout_loops_corners, kennysheep_another_room
D:2:      layout_basic, chequers_ecumenical_altar_simple
D:3:      layout_basic, lemuel_crystal_altar, minmay_distorted
D:4:      kb_forest_paths, layout_basic, grunt_temple_overflow_cloverleaf,
          serial_shops, shop_statue, ebering_ghost_sewer_d, uniq_natasha,
          uniq_blork_the_orc
D:5:      layout_cave_pools, first_ration, okawaru_metal_pillars_1_2, uniq_pikel
D:6:      layout_basic, nicolae_dithmenos_the_darkroom,
          chequers_serial_rivers_room_a, uniq_crazy_yiuf_cottage

Skill      XL: |  1  2  3  4  5  6  7  8 |
---------------+-------------------------+-----
Dodging        | 4 5 6 7 |  7.5
Armour         | 1 2 3 4 |  4.3
Fighting       | 3 4 5 6 |  6.3
Short Blades   | 5 6 8 |  8.1
Throwing       | |  2.1

Action                   |  1- 3 |  4- 6 |  7- 9 || total
-------------------------+-------+-------+-------++-------
Melee: Rapier            |   101 |   299 |   187 ||   587
Throw: Throwing net      |       |     2 |     3 ||     5
Evoke: Wand              |       |       |     5 ||     5
  Use: Potion            |       |     3 |     8 ||    11
 Stab: Sleeping          |     3 |     2 |       ||     5
       Held in net/web   |       |     3 |     3 ||     6
       Invisible         |       |       |     2 ||     2
  Eat: Chunk             |     4 |    13 |     8 ||    25
Armor: Leather armour    |    20 |    35 |    17 ||    72
Dodge: Dodged            |   107 |   239 |   199 ||   545

Table legend:
 A = Non-vault XP
 B = Vault XP
 C = Vault XP percentage of total XP
 D = Non-vault monster count
 E = Vault monster count
 F = Vault count percentage of total count
                 A         B        C        D         E       F
            +---------+---------+-------+---------+---------+-------
      Total |    1079 |    1190 |  52.4 |     110 |      14 |  11.3
            +---------+---------+-------+---------+---------+-------
        D:1 |      34 |       3 |   8.1 |      18 |       2 |  10.0
        D:2 |      93 |       0 |   0.0 |      26 |       0 |   0.0
        D:3 |     190 |       6 |   3.1 |      35 |       3 |   7.9
        D:4 |     259 |     508 |  66.2 |       8 |       8 |  50.0
        D:5 |     357 |     673 |  65.3 |      15 |       1 |   6.2
        D:6 |     146 |       0 |   0.0 |       8 |       0 |   0.0
            +---------+---------+-------+---------+---------+-------
